 Dungeon Crawl Stone Soup version 0.20.1-1-g8b1a95d (webtiles) character file.

151 exaltech the Digger (level 5, 0/28 HPs)
             Began as a Gargoyle Earth Elementalist on Dec 7, 2017.
             Slain by Natasha (3 damage)
             ... on level 3 of the Dungeon.
             The game lasted 00:06:11 (2028 turns).

exaltech the Digger (Gargoyle Earth Elementalist)   Turns: 2028, Time: 00:06:12

Health: 0/28       AC: 12    Str: 11    XL:     5   Next: 33%
Magic:  1/8        EV: 18    Int: 17    God:
Gold:   74         SH:  0    Dex: 10    Spells: 4/8 levels left

rFire    . . .     SeeInvis .   (weapon currently unavailable)
rCold    . . .     Gourm    .   (shield currently unavailable)
rNeg     + + +     Faith    .   (armour currently unavailable)
rPois    ∞         Spirit   .   (helmet currently unavailable)
rElec    .         Reflect  .   (cloak currently unavailable)
rCorr    .         Harm     .   (gloves currently unavailable)
MR       .....                  (boots currently unavailable)
Stlth    ++........             (no amulet)
Regen    0.1/turn               (no ring)
MPRegen  0.2/turn               (no ring)

@: fungus-form
A: negative energy resistance 1, petrification resistance, rot immunity, AC +4
a: no special abilities


You were on level 3 of the Dungeon.
You were not hungry.
You were a sentient fungus.
You visited 1 branch of the dungeon, and saw 3 of its levels.

You collected 74 gold pieces.

Inventory:

Hand Weapons
 f - a +0 dagger
 h - a +0 whip
 n - a cursed -1 dagger (melded)
Missiles
 b - 11 stones (quivered)
Armour
 c - a +0 robe (melded)
 m - the cursed +0 helmet of the Slightly Bent (melded) {rN+}
   (You took it off Robin on level 2 of the Dungeon)

   It protects you from negative energy.
   It has a curse placed upon it.
Scrolls
 a - 3 scrolls of remove curse {unknown}
 i - a scroll of enchant armour {unknown}
 l - a scroll of teleportation {unknown}
 q - a scroll of magic mapping {unknown}
Potions
 g - 2 potions of cancellation {unknown}
 k - 2 potions of heal wounds {unknown}
 o - a potion of flight {unknown}
Books
 e - a book of Geomancy

   Spells                             Type                      Level
   a - Sandblast                      Earth                        1
   b - Passwall                       Transmutation/Earth          2
   c - Stone Arrow                    Conjuration/Earth            3
   d - Petrify                        Transmutation/Earth          4
   e - Lee's Rapid Deconstruction     Earth                        5
Comestibles
 d - 2 bread rations
 j - 4 fruits
 p - a chunk of flesh
 r - a royal jelly


   Skills:
 - Level 1.5 Dodging
 - Level 2.1 Stealth
 - Level 2.0 Spellcasting
 + Level 2.2 Conjurations
   Level 0.7 Transmutations
 * Level 6.4 Earth Magic


You had 4 spell levels left.
You knew the following spells:

 Your Spells              Type           Power        Failure   Level  Hunger
a - Sandblast             Erth           ###...       1%          1    #......
b - Stone Arrow           Conj/Erth      ###...       10%         3    ###....


Dungeon Overview and Level Annotations

Branches:
Dungeon (3/15)

Altars:

Annotations:
D:3 Natasha


Innate Abilities, Weirdness & Mutations

You are resistant to torment.
((Your stone body is resilient. (AC +4)))
You are immune to poison.
You resist negative energy. (rN+)
((You are resistant to electric shocks. (rElec)))
((You can survive without breathing.))
You are immune to petrification.
You are immune to rotting.


Message History

Natasha hisses angrily.
The gnoll barely misses you. Natasha closely misses you.
You hit the gnoll but do no damage.
The gnoll is heavily wounded.
The gnoll barely misses you.
Natasha zaps a wand.
You turn into a sentient fungus.
Your cursed -1 dagger melds into your body.
The cursed +0 helmet of the Slightly Bent {rN+} melds into your body.
Your +0 robe melds into your body.
It is a wand of polymorph (?/24).
You release spores at the gnoll.
The gnoll appears confused.
The gnoll is severely wounded.
The gnoll barely misses Natasha.
You catch the helpless gnoll completely off-guard!
You release spores at the gnoll.
The gnoll appears confused.
The gnoll is severely wounded.
Natasha claws you but does no damage.
You release spores at the gnoll!
You kill the gnoll!
Natasha claws you.
You die...

#...
.
#....
#..#.
....
#..#
#%.#
#..#
#f†#
#h.#
...#
###.#
#. ##


You could see Natasha.

Vanquished Creatures
  Jessica (D:2)
  Robin (D:2)
  3 gnolls
  3 adders (D:2)
  2 ball pythons
  6 bats
  5 giant cockroaches
  12 goblins
  7 hobgoblins
  2 jackals (D:2)
  5 kobolds
  2 frilled lizards (D:2)
  7 rats
56 creatures vanquished.

Notes
Turn   | Place    | Note
-------+----------+-------------------------------------------
     0 | D:1      | exaltech the Gargoyle Earth Elementalist began the quest for the Orb.
     0 | D:1      | Reached XP level 1. HP: 10/10 MP: 3/3
   106 | D:1      | Reached skill level 4 in Earth Magic
   279 | D:1      | Reached XP level 2. HP: 14/15 MP: 3/5
   934 | D:2      | Reached XP level 3. HP: 18/19 MP: 4/6
   939 | D:2      | Learned a level 3 spell: Stone Arrow
   953 | D:2      | Reached skill level 5 in Earth Magic
  1264 | D:2      | Noticed Robin
  1447 | D:2      | Reached skill level 1 in Conjurations
  1447 | D:2      | Reached XP level 4. HP: 24/24 MP: 4/7
  1450 | D:2      | Killed Robin
  1528 | D:2      | Got a jewelled helmet
  1530 | D:2      | Noticed Jessica
  1536 | D:2      | Identified the cursed +0 helmet of the Slightly Bent {rN+} (You took it off Robin on level 2 of the Dungeon)
  1697 | D:2      | Killed Jessica
  1697 | D:2      | Reached skill level 6 in Earth Magic
  1819 | D:2      | Reached XP level 5. HP: 28/28 MP: 6/8
  2023 | D:3      | Noticed Natasha
  2028 | D:3      | Slain by Natasha

Skill      XL: |  1  2  3  4 |
---------------+-------------+-----
Earth Magic    | 4 5 6 |  6.4
Conjurations   | 1 2 |  2.2
Dodging        | |  1.5
Stealth        | |  2.1
Spellcasting   | |  2.0
Transmutations | |  0.7

Action                   |  1- 3 |  4- 6 || total
-------------------------+-------+-------++-------
Melee: Unarmed           |     7 |     3 ||    10
       Dagger            |     3 |    10 ||    13
       Whip              |    41 |     5 ||    46
 Cast: Sandblast         |    47 |    16 ||    63
       Stone Arrow       |       |     4 ||     4
 Stab: Confused          |       |     1 ||     1
  Eat: Chunk             |     2 |     3 ||     5
Armor: Robe              |    17 |    15 ||    32
       Skin              |       |     1 ||     1
Dodge: Dodged            |    40 |    17 ||    57
